 Dungeon Crawl Stone Soup version 0.29.1-15-g9cfb28693d (webtiles) character file.

Game seed: 15884094955660545633

2424 Astivus the Cleaver (level 9, -2/118 HPs)
             Began as a Minotaur Berserker on Mar 29, 2023.
             Was a Follower of Trog.
             Slain by a komodo dragon (19 damage)
             ... on level 11 of the Dungeon.
             The game lasted 00:09:25 (2464 turns).

Astivus the Cleaver (Minotaur Berserker)            Turns: 2464, Time: 00:09:27

Health: -2/118     AC: 24    Str: 22    XL:     9   Next: 24%
Magic:  8/8        EV:  2    Int:  6    God:    Trog [*.....]
Gold:   116        SH: 10    Dex: 12    Spells: 8/8 levels left

rFire   . . .      SeeInvis .   a - +0 hand axe
rCold   . . .      Faith    .   c - +0 buckler
rNeg    + . .      Spirit   .   (body armour currently unavailable)
rPois   +          Reflect  +   (helmet currently unavailable)
rElec   .          Harm     .   (cloak currently unavailable)
rCorr   .          Rampage  .   (gloves currently unavailable)
Will    .....      NoTele   +   (boots currently unavailable)
Stlth   ++........              g - amulet of reflection
HPRegen 0.29/turn               s - ring of positive energy
MPRegen 0.11/turn               (no ring)

@: tree-form, on berserk cooldown, slowed, very slow
A: stationary, stasis, torment immunity, boosted hp, (horns 2), (retaliatory
headbutt)
a: Renounce Religion, Berserk


You were on level 11 of the Dungeon.
You worshipped Trog.
Trog was aware of your devotion.
You were a tree.
You visited 1 branch of the dungeon, and saw 12 of its levels.

You collected 206 gold pieces.
You spent 90 gold pieces at shops.

Inventory:

Hand Weapons
 a - a +0 hand axe (weapon)
Armour
 b - a +0 animal skin
 c - a +0 buckler (worn)
 e - a +0 scale mail (melded)
Jewellery
 g - an amulet of reflection (around neck)
 s - a ring of positive energy (left branch)
Wands
 l - a wand of flame (3)
Scrolls
 d - a scroll of vulnerability
 i - a scroll of torment
 k - a scroll of noise {unknown}
 n - a scroll of teleportation {unknown}
 o - a scroll of fear {unknown}
Potions
 f - a potion of heal wounds {unknown}
 p - a potion of invisibility {unknown}
 q - a potion of ambrosia {unknown}
 r - a potion of might {unknown}


   Skills:
 * Level 7.3 Fighting
 * Level 9.1 Axes
 * Level 6.2 Armour
 * Level 4.7 Dodging
 * Level 3.4 Stealth
 * Level 4.5 Shields
 * Level 2.2 Evocations


You had 8 spell levels left.
You didn't know any spells.
Your spell library was empty.

Dungeon Overview and Level Annotations

Branches:
Dungeon (12/15)
 Temple: D:4-7         Lair: D:8-11         Orc: D:9-12

Altars:
Dithmenos
Elyvilon
Makhleb
Nemelex Xobeh
Qazlal
Uskayaw
Vehumet
The Shining One

Shops:
D:5 ?   D:7 :


Innate Abilities, Weirdness & Mutations

You are a tree.
Your roots penetrate the ground, keeping you stationary.
You cannot be teleported.
You are immune to unholy pain and torment.
Your maximum health is greatly increased.
Your equipment is partially melded.
((You have a pair of horns on your head.))
((You reflexively headbutt those who attack you in melee.))


Message History

You kill the water moccasin!
Trog accepts your kill.
It was a potion of lignification.
You turn into a tree.
Your +0 scale mail melds into your body.
Your roots penetrate the ground.
You block the water moccasin's attack. You block the bullfrog's attack.
The water moccasin bites you but does no damage.
You block the bullfrog's attack.
You slash the water moccasin!
The water moccasin is moderately wounded.
You barely miss the bullfrog.
The water moccasin bites you but does no damage.
You block the bullfrog's attack.
The water moccasin bites you but does no damage.
The bullfrog hits you but does no damage.
You slash the water moccasin!
The water moccasin is heavily wounded.
You barely miss the bullfrog.
The water moccasin bites you but does no damage.
You block the bullfrog's attack.
The bullfrog hits you but does no damage.
The water moccasin bites you but does no damage.
You hit the water moccasin but do no damage.
The water moccasin is heavily wounded.
You closely miss the bullfrog.
You hit the komodo dragon but do no damage.
You block the bullfrog's attack.
The water moccasin completely misses you.
The komodo dragon bites you but does no damage.
The bullfrog hits you but does no damage.
Press: ? - help, v - describe, . - travel
Here: a brown ugly thing The floor, spattered with blood.
You hit the brown ugly thing but do no damage.
You barely miss the komodo dragon. You barely miss the bullfrog.
The bullfrog hits you but does no damage.
You block the komodo dragon's attack. You block the bullfrog's attack.
The brown ugly thing tentacle-slaps you but does no damage.
The komodo dragon bites you!!
You die...

## ############## .#
###......♣.....# .#
#.+..[..luFW...# .#
#.#......S.....# .#
#.#...#+#......#
.#######.#..†..#...##...
.'.......#+#.....#.#####
.#.#.###.....##†........
.#.#.# #.....#..†###....
...#.###.....#.#.# P.


You could see a brown ugly thing, a komodo dragon, a water moccasin, a shadow
and a bullfrog.

Vanquished Creatures
  A two-headed ogre (D:11)
  A komodo dragon (D:11)
  A slime creature (D:11)
  2 water moccasins
  An ice beast (D:5)
  2 black bears
  2 orc warriors
  An ogre (D:4)
  A phantom (D:5)
  3 bullfrogs
  A scorpion (D:7)
  A howler monkey (D:11)
  A gnoll bouda (D:7)
  2 orc priests
  2 hounds
  A jelly (D:7)
  An iguana (D:5)
  2 orc wizards
  3 gnolls (D:7)
  A shadow imp (D:6)
  An ufetubus (D:5)
  4 orcs
  An endoplasm (D:2)
  A quokka (D:4)
  A frilled lizard (D:3)
38 creatures vanquished.

Vanquished Creatures (others)
  A scorpion (D:5)
  40 fungi (D:11)
  46 plants (D:11)
87 creatures vanquished.

Grand Total: 125 creatures vanquished

Notes
Turn   | Place    | Note
-------+----------+-------------------------------------------
     0 | D:1      | Astivus the Minotaur Berserker began the quest for the Orb.
     0 | D:1      | Reached XP level 1. HP: 19/19 MP: 0/0
   114 | D:4      | Noticed an ogre
   122 | D:4      | Killed an ogre
   123 | D:4      | Reached skill level 4 in Axes
   123 | D:4      | Reached XP level 2. HP: 10/28 MP: 1/1
   123 | D:4      | Reached XP level 3. HP: 12/34 MP: 2/2
   123 | D:4      | Reached XP level 4. HP: 15/41 MP: 3/3
   392 | D:4      | Noticed a black bear
   403 | D:4      | Killed a black bear
   404 | D:4      | Reached skill level 5 in Fighting
   404 | D:4      | Reached skill level 5 in Axes
   404 | D:4      | Reached skill level 1 in Stealth
   404 | D:4      | Reached XP level 5. HP: 48/48 MP: 4/4
   506 | D:4      | Reached skill level 1 in Shields
   807 | D:5      | Entered Level 5 of the Dungeon
   830 | D:5      | Noticed a water moccasin
   839 | D:5      | Killed a water moccasin
   840 | D:5      | Reached XP level 6. HP: 51/56 MP: 5/5
  1098 | D:5      | Found Etiat's Magic Scroll Boutique.
  1100 | D:5      | Reached skill level 6 in Axes
  1117 | D:5      | Bought a scroll of identify for 30 gold pieces
  1140 | D:5      | Found a hide-covered altar of Uskayaw.
  1249 | D:5      | Bought a scroll of identify for 30 gold pieces
  1249 | D:5      | Bought a scroll of identify for 30 gold pieces
  1331 | D:5      | Noticed an ice beast
  1336 | D:5      | Killed an ice beast
  1337 | D:5      | Reached XP level 7. HP: 63/63 MP: 6/6
  1469 | D:7      | Found a radiant altar of Vehumet.
  1534 | D:7      | Found Fuiz's Book Shop.
  1553 | D:7      | Reached skill level 7 in Axes
  1564 | D:6      | Found a shadowy altar of Dithmenos.
  1564 | D:6      | Found a white marble altar of Elyvilon.
  1564 | D:6      | Found a sparkling altar of Nemelex Xobeh.
  1564 | D:6      | Found a stormy altar of Qazlal.
  1579 | D:6      | Found a glowing golden altar of the Shining One.
  1969 | D:8      | Reached XP level 8. HP: 56/71 MP: 7/7
  2112 | D:10     | Entered Level 10 of the Dungeon
  2179 | D:10     | Found a burning altar of Makhleb.
  2227 | D:11     | Noticed a two-headed ogre
  2240 | D:11     | Killed a two-headed ogre
  2241 | D:11     | Reached skill level 8 in Axes
  2241 | D:11     | Reached skill level 5 in Armour
  2241 | D:11     | Reached skill level 1 in Evocations
  2266 | D:12     | Noticed a purple ugly thing
  2266 | D:12     | Noticed a slime creature
  2266 | D:12     | Noticed a slime creature
  2266 | D:12     | Noticed a slime creature
  2266 | D:12     | Noticed a slime creature
  2277 | D:11     | Killed a slime creature
  2423 | D:11     | Noticed a komodo dragon
  2434 | D:11     | Killed a komodo dragon
  2435 | D:11     | Reached skill level 9 in Axes
  2435 | D:11     | Reached XP level 9. HP: 79/79 MP: 8/8
  2454 | D:11     | Noticed a komodo dragon
  2454 | D:11     | Noticed a brown ugly thing
  2464 | D:11     | Slain by a komodo dragon

Illustrated notes

Levels and vault maps discovered:
D:1:      minmay_arrival_up_and_down, layout_loops_ring,
          chequers_ecumenical_altar_lobes, nicolae_eternal_life,
          minmay_shallow_snake_nest
D:2:      layout_loops_ring, uniq_crazy_yiuf_cottage
D:3:      layout_basic, led_sif_book
D:4:      layout_basic, serial_shops, shop
D:5:      layout_loops_cross, amcnicky_altar_gilded, serial_shops,
          nicolae_shop_waterfront, lemuel_flamethrower_2
D:6:      layout_basic, kennysheep_mini, minitemple,
          minmay_temple_entry_gardened_gates
D:7:      layout_gridville, old_standard_altar, lemuel_crystal_altar,
          nicolae_inconvenience_store, grunt_decor_clamped,
          nicolae_benzene_ring, palyth_stone_intersect, serial_park_tiny_2,
          guppyfry_early_elven_hall
D:8:      layout_gridville, minmay_lizard_king, uniq_grum
D:9:      layout_loops_ring, minmay_the_grid_2x2 [minmay_the_grid_dragon_a,
          minmay_the_grid_diamond_grid, minmay_the_grid_slots,
          minmay_the_grid_prize_shrinking_boxes], uniq_pikel
D:10:     layout_basic, mainiacjoe_overflow_six_doors_small,
          minmay_orc_entry_guard_dogs, wad_dig_loot
D:11:     layout_basic, due_lair_maze_entry_diamond
D:12:     layout_roguey, portal_ice_cave_demonic_guard

Skill      XL: |  1  2  3  4  5  6  7  8 |
---------------+-------------------------+-----
Fighting       | 4 5 6 7 |  7.3
Axes           | 4 5 6 7 9 |  9.1
Armour         | 3 4 6 |  6.2
Stealth        | 1 2 3 |  3.4
Shields        | 1 2 4 |  4.5
Dodging        | 3 4 |  4.7
Evocations     | 2 |  2.2

Action                   |  1- 3 |  4- 6 |  7- 9 || total
-------------------------+-------+-------+-------++-------
Melee: Hand axe          |     6 |    45 |    83 ||   134
       Headbutt          |     1 |     5 |    13 ||    19
Invok: Berserk           |     1 |     4 |     3 ||     8
Evoke: Wand              |       |       |    10 ||    10
  Use: Potion            |       |     2 |     2 ||     4
       Scroll            |       |     2 |     5 ||     7
Armor: Animal skin       |     1 |     3 |       ||     4
       Scale mail        |       |    10 |    43 ||    53
       Skin              |       |       |    11 ||    11
Dodge: Dodged            |     3 |    22 |    34 ||    59
Block: Buckler           |       |     8 |    55 ||    63
